[Event "Team 45 45 League T74"]
[Site "Internet Chess Club"]
[Date "2017.10.01"]
[Round "3"]
[White "anna"]
[Black "santiagoelawad"]
[Result "1-0"]
[WhiteElo "1902"]
[BlackElo "1961"]
[Opening "Caro-Kann: Steinitz variation"]
[ECO "B17"]
[Time "17:13:27"]
[TimeControl "2700+45"]

1. e4 c6 2. d4 d5 3. Nc3 dxe4 4. Nxe4 Nd7 5. Nf3 Ngf6 6. Nxf6+ Nxf6 7. Bd3 Bg4
8. c3 e6 9. h3 Bxf3 10. Qxf3 Qd5 11. Qxd5 cxd5 12. Bf4 a6 13. O-O-O b5 14. Kc2
Rc8 15. a4 bxa4 16. Bxa6 Ra8 17. Bb5+ Kd8 18. Ra1 a3 19. bxa3 Ne4 20. f3 Nd6 21.
Rhb1 Be7 22. Bc6 Rc8 23. Bb7 Rc7 24. Bxd6 Bxd6 25. a4 e5 26. Kd3 Ke7 27. a5 exd4
28. cxd4 {Black resigns} 1-0

[Event "Team 45 45 League T74"]
[Site "Internet Chess Club"]
[Date "2017.09.29"]
[Round "3"]
[White "primerpaso"]
[Black "babyBeast"]
[Result "0-1"]
[WhiteElo "1828"]
[BlackElo "1671"]
[Opening "English opening"]
[ECO "A16"]
[Time "16:05:50"]
[TimeControl "2700+45"]

1. c4 Nf6 2. Nc3 g6 3. g3 Bg7 4. Bg2 O-O 5. e4 e5 6. Nge2 d6 7. O-O Nc6 8. d3 h6
9. h3 Be6 10. Be3 Nd7 11. Qd2 Kh7 12. Rae1 f5 13. f4 fxe4 14. Nxe4 Nf6 15. b3
Nxe4 16. dxe4 Ne7 17. Nc3 Qd7 18. Kh2 Rad8 19. Rd1 Nc6 20. Rf2 Nd4 21. Bxd4 exd4
22. Nb5 c5 23. Nxa7 Qe7 24. Re1 g5 25. Nb5 gxf4 26. gxf4 Qh4 27. Nc7 Bg8 28. Kg1
d3 29. Kf1 Rd7 30. Nb5 Rdf7 31. f5 Be5 32. Rd1 Rg7 33. Qxd3 Bf7 34. Qe3 Rfg8 35.
Rxd6 Bxd6 36. Nxd6 Bh5 37. f6 Rg3 38. Qd2 Qxh3 39. Kg1 Bf3 {White resigns} 0-1

[Event "Team 45 45 League T74"]
[Site "Internet Chess Club"]
[Date "2017.10.01"]
[Round "3"]
[White "vjbaker"]
[Black "Portola"]
[Result "0-1"]
[WhiteElo "1754"]
[BlackElo "1772"]
[Opening "French: Rubinstein variation"]
[ECO "C10"]
[Time "19:00:50"]
[TimeControl "2700+45"]

1. e4 e6 2. d4 d5 3. Nc3 dxe4 4. Nxe4 Be7 5. Nf3 Nd7 6. Bd3 Ngf6 7. Qe2 Nxe4 8.
Bxe4 O-O 9. Bd2 Nf6 10. Bd3 b6 11. O-O-O Bb7 12. h4 c5 13. Bg5 Qc7 14. Bxf6 Bxf6
15. Bxh7+ Kxh7 16. Ng5+ Kg8 17. Qh5 Rfd8 18. Rhe1 Bxg5+ 19. hxg5 Qf4+ 20. Kb1
Bxg2 21. Rd3 Qxf2 22. Red1 Rxd4 23. g6 fxg6 24. Qxg6 Rxd3 25. cxd3 Bd5 26. Rg1
Qf7 27. Qg3 Rf8 28. b3 b5 29. Qe5 c4 30. Rg3 cxd3 31. Kb2 Qf6 32. Qxf6 Rxf6 33.
Rxd3 Rf3 34. Rd4 Kf7 35. Ka3 a5 36. Rd2 g5 37. Rc2 a4 38. Rb2 axb3 39. axb3 g4
40. Ka2 g3 41. Rb1 g2 42. Rc1 Rf1 43. Rc7+ Kf6 44. Ka3 g1=Q {White resigns} 0-1

[Event "Team 45 45 League T74"]
[Site "Internet Chess Club"]
[Date "2017.10.07"]
[Round "3"]
[White "QuieroAprender"]
[Black "Littlemon"]
[Result "1-0"]
[WhiteElo "1582"]
[BlackElo "1589"]
[Opening "Ruy Lopez: Caro variation"]
[ECO "C70"]
[Time "13:16:33"]
[TimeControl "2700+45"]

1. e4 e5 2. Nf3 Nc6 3. Bb5 a6 4. Ba4 b5 5. Bb3 Bb7 6. O-O Bc5 7. c3 Nf6 8. d4
Bd6 9. Re1 O-O 10. Bg5 h6 11. Bh4 Qe7 12. d5 Na5 13. Bc2 Nc4 14. b3 Nb6 15. Nbd2
c6 16. c4 bxc4 17. bxc4 cxd5 18. exd5 Rab8 19. Ne4 g5 20. Nfxg5 Nxe4 21. Nxe4
Qxh4 22. Nxd6 Qf6 23. Qd3 Rfd8 24. Qg3+ Kf8 25. Qxe5 Qxe5 26. Rxe5 a5 27. Rb1
Ba6 28. Rf5 Nxc4 29. Nxf7 Rxb1+ 30. Bxb1 Rb8 31. Bd3 Nd2 32. Nxh6+ Kg7 33. Rf7+
Kxh6 34. Rf6+ Kg5 35. Rxa6 Re8 36. h3 Kf4 37. Rxa5 Re1+ 38. Kh2 Nf3+ 39. gxf3
Kxf3 40. d6 Kxf2 41. Rf5+ Ke3 42. Re5+ Kd2 43. Rxe1 Kxe1 44. Bf5 {Black resigns}
1-0

[Event "Team 45 45 League T74"]
[Site "Internet Chess Club"]
[Date "2017.10.01"]
[Round "3"]
[White "cadmiumorange"]
[Black "fishhead"]
[Result "0-1"]
[WhiteElo "1709"]
[BlackElo "1709"]
[Opening "Sicilian: Canal-Sokolsky (Nimzovich-Rossolimo, Moscow) attack"]
[ECO "B51"]
[Time "12:00:28"]
[TimeControl "2700+45"]

1. e4 c5 2. Nf3 d6 3. Bb5+ Nd7 4. d4 cxd4 5. Qxd4 a6 6. Bc4 Ngf6 7. O-O e5 8.
Qd1 b5 9. Bb3 Nc5 10. Re1 Bb7 11. Nc3 Be7 12. Bd5 Bxd5 13. exd5 O-O 14. Be3 Rc8
15. Bxc5 Rxc5 16. Qd3 Qc7 17. Rac1 Rc8 18. a3 Rxc3 19. bxc3 Qxc3 20. Qxc3 Rxc3
21. Red1 Rc5 22. Ne1 e4 23. c4 bxc4 24. Nc2 Nxd5 25. Nb4 Nf4 26. Kf1 a5 27. Na2
d5 28. Nc3 Nd3 29. Rb1 f5 30. Rb7 Bf6 31. Nb5 c3 32. Nd6 g6 33. Rb8+ Kg7 34.
Rb7+ Kh6 35. Nf7+ Kh5 36. Nd6 h6 37. Ne8 Be5 {White resigns} 0-1

[Event "Team 45 45 League T74"]
[Site "Internet Chess Club"]
[Date "2017.10.01"]
[Round "3"]
[White "room-matt"]
[Black "ivanson"]
[Result "1-0"]
[WhiteElo "1776"]
[BlackElo "1762"]
[Opening "Vienna game"]
[ECO "C28"]
[Time "14:08:21"]
[TimeControl "2700+45"]

1. e4 e5 2. Nc3 Nf6 3. Bc4 Nc6 4. d3 Bb4 5. Bg5 h6 6. Bxf6 Bxc3+ 7. bxc3 Qxf6 8.
Ne2 d6 9. O-O g5 10. d4 Ne7 11. Qd2 Ng6 12. Rad1 Kf8 13. Qe3 h5 14. f3 h4 15.
Kh1 Qe7 16. Rd2 Bd7 17. Rb1 b5 18. Bd3 c5 19. dxc5 dxc5 20. Bxb5 Be6 21. Bc6 Rc8
22. Rb7 Qf6 23. Qxc5+ Kg7 24. Rxa7 h3 25. Ng1 Qf4 26. Rf2 hxg2+ 27. Rxg2 Nh4 28.
Rf2 Bg4 29. fxg4 Rxc6 30. Rxf7+ {Black resigns} 1-0

[Event "Team 45 45 League T74"]
[Site "Internet Chess Club"]
[Date "2017.09.29"]
[Round "3"]
[White "ascoli"]
[Black "LinceHispano44"]
[Result "1/2-1/2"]
[WhiteElo "1622"]
[BlackElo "1722"]
[Opening "French: advance, Paulsen attack"]
[ECO "C02"]
[Time "14:01:14"]
[TimeControl "2700+45"]

1. e4 e6 2. d4 d5 3. e5 c5 4. c3 Nc6 5. Nf3 Nge7 6. a3 c4 7. Nbd2 Na5 8. g3 Bd7
9. Bg2 Bc6 10. O-O Qd7 11. Ne1 Bb5 12. f4 Ba4 13. Qf3 h5 14. h3 Nf5 15. Bh1 Be7
16. Qf2 O-O-O 17. Bf3 Rh6 18. Ng2 Rdh8 19. Ne3 Nxg3 20. Qxg3 Rg6 21. Ng4 hxg4
22. Bxg4 f5 23. exf6 gxf6 24. f5 exf5 25. Rxf5 Bd1 26. Nf3 Rxg4 27. Qxg4 Bc2 28.
Qg7 Qxf5 29. Qxh8+ Kd7 30. Nd2 Qg5+ 31. Kf2 Qf4+ 32. Kg2 Bd6 33. Qg7+ Kc6 34.
Nf3 Qe4 35. Be3 Qxe3 36. Re1 Qf4 37. Qg4 Qxg4+ 38. hxg4 Kd7 39. g5 fxg5 40. Nxg5
Nc6 41. Nh3 b5 42. Kf3 a5 43. Nf4 Be4+ 44. Ke3 b4 45. axb4 axb4 46. cxb4 Nxd4
47. Kxd4 Bxf4 48. Rxe4 dxe4 49. Kxe4 {Game drawn by mutual agreement} 1/2-1/2

[Event "Team 45 45 League T74"]
[Site "Internet Chess Club"]
[Date "2017.10.01"]
[Round "3"]
[White "Goli"]
[Black "filmdirector"]
[Result "1/2-1/2"]
[WhiteElo "1707"]
[BlackElo "1719"]
[Opening "Ruy Lopez: exchange variation"]
[ECO "C68"]
[Time "16:57:59"]
[TimeControl "2700+45"]

1. e4 e5 2. Nf3 Nc6 3. Bb5 a6 4. Bxc6 dxc6 5. h3 Qf6 6. d3 Bd6 7. Be3 Ne7 8.
Nbd2 Qg6 9. Nh4 Qf6 10. Nhf3 Qg6 11. Nh4 Qf6 12. Nhf3 {Game drawn by repetition}
1/2-1/2

[Event "Team 45 45 League T74"]
[Site "Internet Chess Club"]
[Date "2017.09.30"]
[Round "3"]
[White "HomerSimpson"]
[Black "JSCOL"]
[Result "1/2-1/2"]
[WhiteElo "2004"]
[BlackElo "2141"]
[Opening "English: Neo-Catalan"]
[ECO "A13"]
[Time "13:17:33"]
[TimeControl "2700+45"]

1. Nf3 Nf6 2. c4 e6 3. g3 d5 4. Bg2 d4 5. O-O c5 6. d3 Nc6 7. e3 Be7 8. exd4
cxd4 9. Re1 O-O 10. Na3 Nd7 11. Nc2 Bc5 12. a3 a6 13. b4 Ba7 14. b5 axb5 15.
cxb5 Na5 16. Ncxd4 e5 17. Ne2 Nc5 18. Nxe5 f6 19. Nf3 Nxd3 20. Rf1 Nxf2 21. Qxd8
Nh3+ 22. Kh1 Rxd8 23. Bf4 Nf2+ 24. Kg1 Nh3+ 25. Kh1 Nf2+ 26. Kg1 Nh3+ 27. Kh1
Nf2+ {Game drawn by repetition} 1/2-1/2

[Event "Team 45 45 League T74"]
[Site "Internet Chess Club"]
[Date "2017.10.02"]
[Round "3"]
[White "f5"]
[Black "The7thGuest"]
[Result "1-0"]
[WhiteElo "2052"]
[BlackElo "1857"]
[Opening "Sicilian: closed, 6.f4"]
[ECO "B25"]
[Time "13:49:49"]
[TimeControl "2700+45"]

1. e4 c5 2. Nc3 Nc6 3. g3 d6 4. Bg2 g6 5. d3 Bg7 6. f4 Nf6 7. h3 O-O 8. g4 Bd7
9. Nf3 Rb8 10. O-O b5 11. a3 a5 12. Ne2 b4 13. Ng3 bxa3 14. Rxa3 Ne8 15. c3 Qb6
16. Kh1 Nc7 17. Nd2 Nb5 18. Nc4 Qc7 19. Ra1 Rbc8 20. h4 Be6 21. h5 Bxc4 22. dxc4
Nba7 23. Rf3 Qd7 24. Bh3 Rcd8 25. Nf1 e6 26. Ne3 g5 27. fxg5 Ne5 28. Rf2 Nac6
29. Qf1 Qe7 30. Rf6 h6 31. Ng2 Nd7 32. Rxh6 Bxh6 33. gxh6 f5 34. exf5 exf5 35.
g5 Qe4 36. Qf4 Qd3 37. Ne3 Nde5 38. g6 Ng4 39. h7+ Kh8 40. h6 Qe2 41. Bxg4 fxg4
42. g7+ Kxh7 43. gxf8=Q {Black resigns} 1-0

[Event "Team 45 45 League T74"]
[Site "Internet Chess Club"]
[Date "2017.09.27"]
[Round "3"]
[White "charles-allen"]
[Black "Freitac"]
[Result "1-0"]
[WhiteElo "1861"]
[BlackElo "1907"]
[Opening "Bird's opening"]
[ECO "A03"]
[Time "18:00:50"]
[TimeControl "2700+45"]

1. f4 d5 2. Nf3 Nf6 3. b3 c5 4. e3 Nc6 5. Bb2 e6 6. Be2 Be7 7. O-O O-O 8. Qe1
Nb4 9. Na3 b6 10. Qg3 d4 11. exd4 Ne4 12. Qe1 Bb7 13. dxc5 Bxc5+ 14. d4 Bd6 15.
Ne5 Qe7 16. Bf3 f5 17. c3 Nd5 18. Qc1 Nxf4 19. Qxf4 Bxa3 20. Bxa3 Qxa3 21. Nc4
Qe7 22. Rac1 Rac8 23. Bxe4 fxe4 24. Qd6 Qg5 25. Qxe6+ Kh8 26. Nd6 Qe3+ 27. Kh1
Qxc3 28. Rxf8+ Rxf8 29. Nf7+ {Black resigns} 1-0

[Event "Team 45 45 League T74"]
[Site "Internet Chess Club"]
[Date "2017.10.01"]
[Round "3"]
[White "Heian"]
[Black "trombone"]
[Result "1-0"]
[WhiteElo "1706"]
[BlackElo "1814"]
[Opening "Sicilian"]
[ECO "B50"]
[Time "15:04:19"]
[TimeControl "2700+45"]

1. e4 c5 2. Nf3 d6 3. Bc4 Nc6 4. c3 Nf6 5. d3 g6 6. O-O Bg7 7. h3 O-O 8. Bb3 b5
9. Be3 b4 10. Qc1 Re8 11. Bh6 Bh8 12. Ng5 e6 13. Qf4 bxc3 14. bxc3 Ba6 15. Rd1
Qe7 16. Qh4 d5 17. f4 dxe4 18. dxe4 Nxe4 19. Bf8 Kxf8 20. Qxh7 Bg7 21. Nxe4 Red8
22. Nbd2 Na5 23. Nf3 Nxb3 24. axb3 Be2 25. Rxd8+ Rxd8 26. Ne5 Rd1+ 27. Rxd1 Bxd1
28. h4 Bxe5 29. fxe5 Ke8 30. Nd6+ Kd7 31. Qg8 Kc7 32. Qc8+ Kb6 33. Qb8+ Kc6 34.
Qb5+ {Black resigns} 1-0

[Event "Team 45 45 League T74"]
[Site "Internet Chess Club"]
[Date "2017.09.30"]
[Round "3"]
[White "santiagoelawad"]
[Black "Monterrey"]
[Result "1-0"]
[WhiteElo "1981"]
[BlackElo "1948"]
[Opening "English: closed system"]
[ECO "A26"]
[Time "19:01:19"]
[TimeControl "2700+45"]

1. c4 e5 2. Nc3 Nc6 3. g3 g6 4. Bg2 Bg7 5. d3 d6 6. Nf3 f5 7. Nd5 h6 8. Rb1 Nf6
9. b4 Nxd5 10. cxd5 Ne7 11. Qb3 O-O 12. O-O Kh8 13. b5 Bd7 14. Ba3 a6 15. b6 c5
16. dxc6 Bxc6 17. Qe6 Rf6 18. Qb3 Bd5 19. Qb2 Nc6 20. Nd2 Bxg2 21. Kxg2 Qd7 22.
e4 f4 23. f3 h5 24. Rbc1 Bh6 25. Rf2 Raf8 26. Rcf1 fxg3 27. hxg3 Be3 28. Re2 Bd4
29. Qb3 Kg7 30. Bb2 Qd8 31. Nc4 g5 32. Ne3 Bxe3 33. Rxe3 Qd7 34. Qd5 Ne7 35. Qb3
Nc6 36. Qc4 Rc8 37. Qa4 Qe6 38. Rf2 Kg6 39. Re1 Kf7 40. Rc1 h4 41. Rh1 Rh6 42.
f4 gxf4 43. gxf4 Qg4+ 44. Kf1 exf4 45. Qb3+ Ke7 46. Rg1 Qh3+ 47. Ke1 Rh7 48. Qd5
Qe3+ 49. Kd1 f3 50. Qf5 Rf7 51. Bf6+ Rxf6 52. Rg7+ Ke8 53. Qxc8+ Nd8 54. Qd7+
Kf8 55. Qe7# {Black checkmated} 1-0

[Event "Team 45 45 League T74"]
[Site "Internet Chess Club"]
[Date "2017.09.30"]
[Round "3"]
[White "LittleButton"]
[Black "alegro"]
[Result "0-1"]
[WhiteElo "1862"]
[BlackElo "1923"]
[Opening "Queen's pawn: London system"]
[ECO "A45"]
[Time "15:07:58"]
[TimeControl "2700+45"]

1. d4 Nf6 2. Bf4 e6 3. Nf3 c5 4. e3 Nc6 5. c3 Qb6 6. Qb3 Be7 7. Nbd2 O-O 8. Nc4
Qd8 9. Nd6 Nh5 10. dxc5 Nxf4 11. exf4 b6 12. Qc4 bxc5 13. Qxc5 Rb8 14. O-O-O Qc7
15. Ne5 Bb7 16. Nec4 Ba6 17. Ne3 Rb6 18. Bxa6 Rxa6 19. Qc4 Qb6 20. Qb5 Rxa2 21.
Kb1 Qxb5 22. Nxb5 Ra5 23. Nd4 Nxd4 24. Rxd4 d5 25. f5 Rb5 26. Kc2 Rfb8 27. Rb1
Ba3 28. Ra4 Bc5 29. fxe6 fxe6 30. Ra6 R8b6 31. Rxa7 Rxb2+ 32. Rxb2 Rxb2+ 33.
Kxb2 Bxa7 34. Nc2 Bxf2 35. Nd4 Bxd4 36. cxd4 Kf7 37. Kc3 Kf6 38. Kd3 e5 39.
dxe5+ Kxe5 40. g3 d4 41. h3 Kd5 42. g4 g5 43. Kd2 Ke4 44. Ke2 d3+ 45. Kd2 Kd4
46. Ke1 Ke3 47. Kd1 d2 {White resigns} 0-1

[Event "Team 45 45 League T74"]
[Site "Internet Chess Club"]
[Date "2017.09.29"]
[Round "3"]
[White "ANGELLR"]
[Black "achessman"]
[Result "0-1"]
[WhiteElo "1850"]
[BlackElo "1899"]
[Opening "Queen's pawn, Mason variation"]
[ECO "D00"]
[Time "21:52:11"]
[TimeControl "2700+45"]

1. d4 d5 2. Bf4 Nf6 3. e3 c5 4. Nf3 Nc6 5. c3 Qb6 6. Qc2 g6 7. Nbd2 Bf5 8. Bd3
Bxd3 9. Qxd3 Bg7 10. O-O O-O 11. Rab1 Nh5 12. Bg5 h6 13. Bh4 g5 14. Bg3 Nxg3 15.
hxg3 c4 16. Qc2 Qd8 17. e4 b5 18. Rfe1 e6 19. Re2 Qd7 20. Rbe1 Rfd8 21. Nf1 b4
22. exd5 Qxd5 23. Ne3 Qb5 24. Ng4 bxc3 25. bxc3 Ne7 26. Nge5 Rab8 27. Qe4 Nd5
28. Rc1 Rdc8 29. Qg4 Nf6 30. Qh3 Qd5 31. Ng4 Nxg4 32. Qxg4 Rb5 33. Qh5 Qf5 34.
g4 Qf4 35. Rce1 Rc7 36. Re4 Qf6 37. Qh2 Rcb7 38. Qd6 Qe7 39. Qc6 Qc7 40. Qe8+
Bf8 41. Ne5 Rb8 42. Qd7 R8b7 43. Qxc7 Rxc7 44. f4 Ra5 45. R1e2 Bd6 46. fxg5 hxg5
47. Kf2 Ra3 48. R4e3 Bxe5 49. Rxe5 Rxc3 50. Rxg5+ Kf8 51. d5 Rc5 52. Rd2 Rd3 53.
Rxd3 cxd3 54. Ke3 Rxd5 55. Rxd5 exd5 56. Kxd3 Ke7 57. Kd4 Kd6 58. g5 a5 59. g3
a4 60. a3 Ke6 61. g4 Kd6 62. g6 fxg6 63. g5 Ke6 64. Kd3 Kf5 65. Kd4 Kxg5 66.
Kxd5 Kf4 67. Kd4 g5 68. Kd3 Kf3 69. Kd2 Kf2 70. Kc3 g4 71. Kb4 g3 72. Kxa4 g2
73. Kb5 g1=Q 74. a4 Qg8 75. a5 Qa8 76. a6 Qa7 77. Ka5 Ke3 78. Kb5 Kd4 79. Ka5
Kc5 80. Ka4 Qxa6+ 81. Kb3 Qc4+ 82. Ka3 Qb4+ 83. Ka2 Kc4 84. Ka1 Kc3 85. Ka2 Qb2#
{White checkmated} 0-1

[Event "Team 45 45 League T74"]
[Site "Internet Chess Club"]
[Date "2017.10.01"]
[Round "3"]
[White "laurenpar"]
[Black "primerpaso"]
[Result "0-1"]
[WhiteElo "1879"]
[BlackElo "1847"]
[Opening "QGD: classical variation (5.Bf4)"]
[ECO "D37"]
[Time "06:04:41"]
[TimeControl "2700+45"]

1. d4 Nf6 2. c4 e6 3. Nf3 d5 4. Nc3 Be7 5. Bf4 O-O 6. e3 c5 7. dxc5 Bxc5 8. Qc2
Qa5 9. a3 Bb4 10. Rc1 Bxc3+ 11. Qxc3 Qxc3+ 12. Rxc3 Bd7 13. Bd3 dxc4 14. Bxc4
Rc8 15. O-O b5 16. Ba2 Rxc3 17. bxc3 a5 18. Nd4 Ne4 19. Rc1 Na6 20. Nb3 a4 21.
Nd4 Rc8 22. Ne2 Nac5 23. f3 Nd3 24. Rd1 Nxc3 25. Rxd3 Nxe2+ 26. Kf2 Nxf4 27.
exf4 Rc2+ 28. Kg3 Rxa2 29. Rxd7 g6 30. Rb7 Rb2 31. Kh3 Rb3 32. Kg4 Kg7 33. h4
h5+ 34. Kg3 Kf6 35. Kf2 Rxa3 36. Rxb5 Rb3 37. Ra5 a3 38. Kg3 Rc3 39. Kh3 Ke7 40.
Ra7+ Kd6 41. Rxf7 Kc5 42. Ra7 Kb4 43. Kg3 Kb3 {White resigns} 0-1

[Event "Team 45 45 League T74"]
[Site "Internet Chess Club"]
[Date "2017.09.30"]
[Round "3"]
[White "SlimeDog2"]
[Black "hood"]
[Result "0-1"]
[WhiteElo "2002"]
[BlackElo "2025"]
[Opening "Grünfeld: modern exchange variation"]
[ECO "D90"]
[Time "16:16:51"]
[TimeControl "2700+45"]

1. d4 Nf6 2. c4 g6 3. Nf3 Bg7 4. Nc3 d5 5. cxd5 Nxd5 6. e4 Nxc3 7. bxc3 c5 8. h3
O-O 9. Be2 b6 10. O-O Bb7 11. Qd3 cxd4 12. cxd4 Ba6 13. Qe3 Bxe2 14. Qxe2 Bxd4
15. Nxd4 Qxd4 16. Bb2 Qa4 17. Rfc1 Nd7 18. Rc4 Qa6 19. Rac1 Rac8 20. Qd3 Rxc4
21. Rxc4 Nc5 22. Qc3 f6 23. Ba3 Rc8 24. e5 fxe5 25. Bxc5 Qxa2 26. Qd3 Rxc5
{White resigns} 0-1

[Event "Team 45 45 League T74"]
[Site "Internet Chess Club"]
[Date "2017.10.01"]
[Round "3"]
[White "dp15"]
[Black "ArturitoGalacti"]
[Result "1-0"]
[WhiteElo "2048"]
[BlackElo "1871"]
[Opening "Caro-Kann: classical, Spassky variation"]
[ECO "B18"]
[Time "18:01:05"]
[TimeControl "2700+45"]

1. e4 c6 2. d4 d5 3. Nc3 dxe4 4. Nxe4 Bf5 5. Ng3 Bg6 6. Nf3 Nd7 7. h4 h6 8. h5
Bh7 9. Bd3 Bxd3 10. Qxd3 Qc7 11. Bd2 e6 12. O-O-O Ngf6 13. Ne4 O-O-O 14. g3 Nc5
15. Nxc5 Bxc5 16. c4 Qe7 17. Bc3 Bb6 18. Qe2 Rhe8 19. Kb1 Bc7 20. Ne5 Nd7 21. f4
Nf8 22. Qg4 f6 23. Nd3 Qf7 24. Rhe1 Nd7 25. Qf3 f5 26. Ne5 Bxe5 27. fxe5 Nb6 28.
b3 Rd7 29. Bb4 Kb8 30. Bd6+ Ka8 31. Rf1 Nc8 32. Bc5 g5 33. hxg6 Qxg6 34. Qf4 Qg5
35. Qxg5 hxg5 36. Rh1 b6 37. Ba3 Red8 38. Bb2 c5 39. Rh6 cxd4 40. Rxe6 Rf8 41.
Rf6 Rxf6 42. exf6 d3 43. Be5 a6 44. Kc1 Na7 45. Kd2 Nc6 46. Re1 Kb7 47. Bc3 b5
48. cxb5 axb5 49. Rf1 f4 50. gxf4 gxf4 51. Rxf4 Nd8 52. Rd4 Rxd4 53. Bxd4 Kc6
54. Kxd3 Kd5 55. a4 bxa4 56. bxa4 Kc6 57. Kc4 Nf7 58. Bc3 Nd6+ 59. Kd3 Kd5 60.
a5 Kc6 61. Ke3 Nf7 62. Kf4 Nd6 63. Bb4 Nf7 64. Kf5 Nd8 65. Bc3 Nf7 66. Kg6 Nd8
67. a6 Ne6 68. Kf5 Nd8 69. a7 Kb7 70. Bd4 Ka8 71. Bb6 Nf7 72. Ke6 Ng5+ 73. Ke7
Kb7 74. Be3 Nh7 75. f7 Ka8 76. Bc5 Kb7 77. Kd6 Ka8 78. Kc7 Nf8 79. Bxf8 {Black
resigns} 1-0

[Event "Team 45 45 League T74"]
[Site "Internet Chess Club"]
[Date "2017.09.29"]
[Round "3"]
[White "ChessHouston"]
[Black "soccerisfun"]
[Result "1/2-1/2"]
[WhiteElo "1650"]
[BlackElo "1963"]
[Opening "Ruy Lopez: Schliemann defense"]
[ECO "C63"]
[Time "16:15:29"]
[TimeControl "2700+45"]

1. e4 e5 2. Nf3 Nc6 3. Bb5 f5 4. d3 fxe4 5. dxe4 Nf6 6. O-O Bc5 7. Nc3 d6 8. h3
O-O 9. Na4 Bb6 10. Nxb6 axb6 11. Bc4+ Kh8 12. Re1 Qe8 13. c3 Qg6 14. Qd3 Nh5 15.
Kh2 Nf4 16. Bxf4 Rxf4 17. Qe3 Na5 18. Bf1 Be6 19. g3 Rf6 20. Nd2 Raf8 21. Re2
Nc4 22. Nxc4 Bxc4 23. Rd2 Rf3 24. Qxf3 Rxf3 25. Bxc4 h5 26. h4 c6 27. Re1 b5 28.
Bb3 Rf6 29. Re3 Kh7 30. Kg2 Kh6 31. Kf1 Qg4 32. Ke1 g5 33. hxg5+ Kxg5 34. Bd1
Qh3 35. Bf3 Kg6 36. Ke2 h4 37. Rd1 hxg3 38. Rg1 Kf7 39. Rxg3 Qe6 40. b3 Rf4 41.
Rd3 b6 42. Rd1 Ke7 43. Rdg1 Rf7 44. Rg6 Qc8 45. Rd1 Qa6 46. Rd2 b4+ 47. c4 b5
48. c5 dxc5 49. Bg4 c4 50. Rd7+ Ke8 51. Rd2 Qb6 52. Rg8+ Ke7 53. Rd7+ {Game
drawn by mutual agreement} 1/2-1/2

[Event "Team 45 45 League T74"]
[Site "Internet Chess Club"]
[Date "2017.09.30"]
[Round "3"]
[White "Gojira"]
[Black "Packerfan"]
[Result "1-0"]
[WhiteElo "1626"]
[BlackElo "1708"]
[Opening "Queen's pawn: London system"]
[ECO "A45"]
[Time "15:31:12"]
[TimeControl "2700+45"]

1. d4 Nf6 2. Bf4 d5 3. e3 Bf5 4. c4 e6 5. Nf3 Bd6 6. Ne5 O-O 7. Qb3 Qc8 8. Nc3
dxc4 9. Bxc4 Nh5 10. g4 Bxe5 11. Bxe5 Bxg4 12. Rg1 Bf5 13. Be2 f6 14. Bxh5 fxe5
15. e4 exd4 16. exf5 dxc3 17. Qxc3 Qd7 18. f6 g6 19. Bxg6 hxg6 20. Rxg6+ Kf7 21.
Rg7+ Ke8 22. Rxd7 Kxd7 23. Rd1+ Kc8 24. Qe5 Nc6 25. Qxe6+ Kb8 26. f7 a5 27. Rd7
Ka7 28. Rxc7 Kb6 29. Rd7 Rab8 30. Re7 Kc5 31. Re8 Nd4 32. Qe7+ {Black resigns}
1-0

[Event "Team 45 45 League T74"]
[Site "Internet Chess Club"]
[Date "2017.09.30"]
[Round "3"]
[White "clarinetref"]
[Black "crazyhorses"]
[Result "0-1"]
[WhiteElo "1490"]
[BlackElo "1482"]
[Opening "Scotch: Schmidt variation"]
[ECO "C45"]
[Time "16:03:58"]
[TimeControl "2700+45"]

1. e4 e5 2. Nf3 Nc6 3. d4 exd4 4. Nxd4 Nf6 5. Nc3 Bb4 6. Bg5 Bxc3+ 7. bxc3 Qe7
8. Bd3 O-O 9. O-O Qe5 10. Nxc6 dxc6 11. Bxf6 Qxf6 12. Qd2 b6 13. c4 c5 14. Qe3
Rd8 15. Qg3 Qd6 16. e5 Qd4 17. Rad1 g6 18. Qf3 Bg4 19. Be2 Bxf3 20. Rxd4 Bxe2
21. Rxd8+ Rxd8 22. Re1 Rd1 {White resigns} 0-1

[Event "Team 45 45 League T74"]
[Site "Internet Chess Club"]
[Date "2017.09.30"]
[Round "3"]
[White "MartyJR"]
[Black "Electryon"]
[Result "1-0"]
[WhiteElo "1460"]
[BlackElo "1464"]
[Opening "QGD: semi-Slav"]
[ECO "D10"]
[Time "21:00:30"]
[TimeControl "2700+45"]

1. d4 d5 2. c4 c6 3. Nc3 e6 4. e3 f5 5. Nf3 Nf6 6. Bd3 Bd6 7. cxd5 exd5 8. O-O
O-O 9. Qc2 Ne4 10. Nd2 Nd7 11. f3 Nxd2 12. Bxd2 Nf6 13. Bxf5 Bxf5 14. Qxf5 Ne4
15. Qe6+ Kh8 16. fxe4 Re8 17. Qg4 dxe4 18. Rf7 Rg8 19. Raf1 Qb6 20. Nxe4 Qxb2
21. Bc3 Qa3 22. d5 Bf8 23. dxc6 bxc6 24. R7f5 Re8 25. Rh5 Re6 26. Qxe6 {Black
resigns} 1-0

[Event "Team 45 45 League T74"]
[Site "Internet Chess Club"]
[Date "2017.09.30"]
[Round "3"]
[White "Egmont"]
[Black "VictorRed"]
[Result "1-0"]
[WhiteElo "1680"]
[BlackElo "1699"]
[Opening "QGD Slav defense"]
[ECO "D10"]
[Time "03:04:08"]
[TimeControl "2700+45"]

1. d4 d5 2. c4 c6 3. Nc3 Nf6 4. e3 g6 5. Nf3 Bg7 6. cxd5 cxd5 7. Bd3 O-O 8. O-O
Bg4 9. h3 Be6 10. b3 Nc6 11. Bb2 h6 12. Rc1 a6 13. Na4 Nd7 14. e4 Nb4 15. Bb1
dxe4 16. Bxe4 Nxa2 17. Ra1 Nb4 18. Bxb7 Rb8 19. Be4 Bd5 20. Nd2 Nf6 21. Bxd5
Nfxd5 22. Nc4 e6 23. Nc5 Ra8 24. Ra5 Qg5 25. Qg4 Qxg4 26. hxg4 Nc6 27. Rxa6 Rxa6
28. Nxa6 Nxd4 29. Rb1 Ra8 30. Nc5 Ra2 31. b4 {Black forfeits on time} 1-0

[Event "Team 45 45 League T74"]
[Site "Internet Chess Club"]
[Date "2017.09.28"]
[Round "3"]
[White "andrew37"]
[Black "AVEMARIA"]
[Result "1-0"]
[WhiteElo "1707"]
[BlackElo "1623"]
[Opening "Queen's pawn, Mason variation"]
[ECO "D00"]
[Time "16:31:06"]
[TimeControl "2700+45"]

1. d4 d5 2. Bf4 Nf6 3. e3 e6 4. Bd3 Bd6 5. Bg3 b6 6. Qe2 Bb7 7. Nf3 Bxg3 8. hxg3
Nbd7 9. Nbd2 Qe7 10. c3 h6 11. Bc2 Qd6 12. Rd1 a5 13. Bd3 Ne4 14. Kf1 Ndf6 15.
Ne5 Nxd2+ 16. Rxd2 Ke7 17. Kg1 c6 18. f3 Nd7 19. Ng4 f5 20. Nf2 Qxg3 21. e4 dxe4
22. fxe4 c5 23. Rh3 Qg6 24. d5 f4 25. e5 Qf7 26. dxe6 Qxe6 27. Bc4 Qxe5 28.
Rxd7+ Kxd7 29. Qxe5 {Black resigns} 1-0

[Event "Team 45 45 League T74"]
[Site "Internet Chess Club"]
[Date "2017.09.30"]
[Round "3"]
[White "julesraider"]
[Black "armand068new"]
[Result "0-1"]
[WhiteElo "1569"]
[BlackElo "1651"]
[Opening "QGD: Albin counter-gambit"]
[ECO "D08"]
[Time "16:04:35"]
[TimeControl "2700+45"]

1. d4 d5 2. c4 e5 3. dxe5 d4 4. Nf3 Nc6 5. a3 Nge7 6. Bg5 h6 7. Bh4 g5 8. Bg3
Nf5 9. b4 Bg7 10. Qd3 Be6 11. Nbd2 g4 12. Ng1 Nxe5 13. Bxe5 Bxe5 14. Ne4 b6 15.
g3 Ne7 16. Bg2 f5 17. Nd2 Rb8 18. e4 dxe3 19. Qxe3 Bxa1 20. Qxe6 Bc3 21. Bd5
Bxd2+ 22. Kxd2 c6 23. Qf7+ Kd7 24. Be6+ Kc7+ 25. Kc2 Qd6 26. c5 bxc5 27. Ne2
Rbd8 28. Nf4 cxb4 29. Bc4 Qd2+ 30. Kb1 Rd7 31. Ne6+ Kb6 32. Rc1 bxa3 33. Qf6 Rb8
34. Ka1 Qxc1+ 35. Ka2 Rd2+ {White resigns} 0-1